 Dungeon Crawl Stone Soup version 0.27.0-1-g7a089689b8 (webtiles) character file.

Game seed: 2820445253899835574

9690 rjrrt the Cleaver (level 11, -3/94 HPs)
             Began as a Minotaur Monk on Aug 11, 2021.
             Was a High Priest of Makhleb.
             Slain by a boulder beetle (25 damage)
             ... on level 2 of the Lair of Beasts.
             The game lasted 00:26:18 (11426 turns).

rjrrt the Cleaver (Minotaur Monk)                  Turns: 11426, Time: 00:26:18

Health: -3/94      AC: 13    Str: 19    XL:     11   Next: 26%
Magic:  16/16      EV: 13    Int:  7    God:    Makhleb [*****.]
Gold:   543        SH:  0    Dex: 13    Spells: 10/10 levels left

rFire    . . .     SeeInvis +   a - +1 war axe (vorpal)
rCold    . . .     Faith    .   (no shield)
rNeg     . . .     Spirit   .   y - +4 ring mail
rPois    +         Reflect  .   (helmet restricted)
rElec    .         Harm     .   v - +2 cloak {rPois}
rCorr    .         Rampage  .   (no gloves)
Will     .....                  (no boots)
Stlth    +.........             (no amulet)
HPRegen  0.25/turn              w - ring of see invisible
MPRegen  0.15/turn              z - ring of flight

@: flying
A: horns 2, retaliatory headbutt
a: Renounce Religion, Minor Destruction, Lesser Servant of Makhleb, Major
Destruction, Greater Servant of Makhleb


You were on level 2 of the Lair of Beasts.
You worshipped Makhleb.
Makhleb was extremely pleased with you.
You visited 2 branches of the dungeon, and saw 11 of its levels.
You also visited: Ossuary.

You collected 543 gold pieces.

Inventory:

Hand Weapons
 a - a +1 vorpal war axe (weapon)
 n - a +1 whip of electrocution
 q - a +0 trident
 E - a +0 broad axe
 I - a +3 morningstar of flaming
Missiles
 b - 6 boomerangs
 k - 32 poisoned darts (quivered)
Armour
 g - a scarf of repulsion
 v - a +2 cloak of poison resistance (worn)
 y - a +4 ring mail (worn)
Jewellery
 h - a ring of fire
 w - a ring of see invisible (left hand)
 z - a ring of flight (right hand)
 G - a ring of ice
 H - a ring of wizardry
 J - a ring of ice
Wands
 f - a wand of digging (5)
 j - a wand of mindburst (36)
 r - a wand of paralysis (13)
 u - a wand of flame (51)
 C - a wand of polymorph (19)
 D - a wand of iceblast (8)
Scrolls
 c - 7 scrolls of teleportation
 d - a scroll of enchant armour
 s - 2 scrolls of magic mapping
 t - a scroll of enchant weapon
 x - 3 scrolls of blinking
 F - 3 scrolls of identify
Potions
 e - 2 potions of lignification
 i - a potion of attraction
 l - 2 potions of resistance
 m - 2 potions of curing
 o - 3 potions of heal wounds
 p - a potion of invisibility
 A - 3 potions of flight
 B - 2 potions of mutation
 K - a potion of haste


   Skills:
 + Level 8.0 Fighting
 * Level 13.3 Axes
 + Level 6.8 Armour
 + Level 6.8 Dodging
 - Level 1.5 Stealth
 + Level 8.5 Invocations
 + Level 3.8 Evocations


You had 10 spell levels left.
You didn't know any spells.
Your spell library contained the following spells:

 Spells                   Type           Power      Damage    Failure   Level
 Corona                   Hex            0%         N/A       58%         1
 Sting                    Tmut/Pois      0%         1d3       58%         1
 Ensorcelled Hibernation  Hex/Ice        0%         N/A       75%         2
 Poisonous Vapours        Pois/Air       0%         N/A       75%         2
 Slow                     Hex            0%         N/A       75%         2
 Confusing Touch          Hex            0%         N/A       92%         3
 Tukima's Dance           Hex            0%         N/A       92%         3
 Vampiric Draining        Necr           0%         2d6       92%         3
 Olgreb's Toxic Radiance  Pois           0%         N/A       100%        4
 Petrify                  Tmut/Erth      0%         N/A       100%        4
 Alistair's Intoxication  Tmut/Pois      0%         N/A       100%        5
 Borgnjor's Vile Clutch   Necr/Erth      0%         N/A       100%        5
 Metabolic Englaciation   Hex/Ice        0%         N/A       100%        5
 Eringya's Noxious Bog    Tmut/Pois      0%         N/A       100%        6
 Statue Form              Tmut/Erth      0%         N/A       100%        6


Dungeon Overview and Level Annotations

Branches:
Dungeon (9/15)             Temple (0/1) D:7            Lair (2/6) D:9
Ossuary (visited)
  Swamp: Lair:2-4    Shoals: Lair:2-4     Snake: Lair:2-4    Spider: Lair:2-4
    Orc: D:9-12

Altars:
Ashenzari
Elyvilon
Makhleb
Nemelex Xobeh
Uskayaw
Wu Jian
Xom
The Shining One


Innate Abilities, Weirdness & Mutations

You have a pair of horns on your head.
You reflexively headbutt those who attack you in melee.


Message History

The boulder beetle bites you!
Unknown command.
You slash the boulder beetle!
You headbutt the boulder beetle, but do no damage.
The boulder beetle is moderately wounded.
You hit the boulder beetle but do no damage.
The boulder beetle is moderately wounded.
The boulder beetle bites you but does no damage.
You hit the boulder beetle.
The boulder beetle is moderately wounded.
The boulder beetle bites you!!
You hit the boulder beetle. You headbutt the boulder beetle.
The boulder beetle is moderately wounded.
The boulder beetle bites you but does no damage.
You slash the boulder beetle! You headbutt the boulder beetle.
The boulder beetle is severely wounded.
The boulder beetle bites you.
You hit the boulder beetle but do no damage.
The boulder beetle is severely wounded.
The boulder beetle bites you!
You hit the boulder beetle but do no damage.
The boulder beetle is severely wounded.
The boulder beetle bites you but does no damage.
You hit the boulder beetle but do no damage.
The boulder beetle is heavily wounded.
You barely miss the boulder beetle.
You headbutt the boulder beetle, but do no damage.
The boulder beetle is heavily wounded.
The boulder beetle closely misses you. You furiously retaliate!
You headbutt the boulder beetle.
You hit the boulder beetle but do no damage.
The boulder beetle is severely wounded.
The boulder beetle bites you!
You hit the boulder beetle but do no damage.
The boulder beetle is heavily wounded.
The boulder beetle bites you.
* * * LOW HITPOINT WARNING * * *
Unknown command.
A demon appears!
The boulder beetle bites you!!
You die...

≈≈♣..........P≈P≈≈≈≈♣..
....####.##P≈≈.≈≈≈≈P...
....# ##..#..PP..♣..#. .
.......##..P###.....### ..#
.......)......##..##..#.....
.....###.†.....#...○°°.....#
P.... ##.....#..####P#...##
#....###.......B## ## ....
#....#....@## .
#..#.##....## ##..†###....4#
#.. #...#...#....#### ...
......##.#.....#..#.##...
.......###.............# .P
......................## .P.
.......................###
.... ..
.........♣.#≈>.#.....###....


You could see a boulder beetle (ally target) and a friendly orange demon
(summoned).

Vanquished Creatures
  A two-headed ogre (D:9)
  Maggie (D:9)
  2 cane toads (Lair:2)
  3 komodo dragons (Lair:1)
  A hornet (D:7)
  A polar bear (Lair:2)
  Prince Ribbit (D:6)
  2 wyverns
  A wraith (D:9)
  13 yaks
  A steam dragon (D:8)
  3 water moccasins
  2 black bears (D:9)
  An ice beast (D:7)
  3 orc warriors
  2 ogres
  3 necrophages
  A centaur (D:5)
  3 phantoms
  An elf zombie (Ossuary)
  12 bullfrogs
  A gnoll sergeant (D:6)
  A water moccasin skeleton (D:5)
  An electric eel (Lair:2)
  3 wights (D:9)
  2 howler monkeys
  4 centaur zombies
  A gnoll shaman (D:5)
  3 human zombies (Ossuary)
  A hound (D:4)
  3 jellies
  4 orc priests
  Crazy Yiuf (D:4)
  2 centaur skeletons (D:5)
  An iguana (D:5)
  A bullfrog skeleton (D:7)
  11 orc wizards
  3 mummies
  A howler monkey zombie (D:6)
  A howler monkey skeleton (D:6)
  Robin (D:4)
  3 gnolls (D:6)
  6 adders
  A shadow imp (D:5)
  2 white imps
  An ufetubus (D:3)
  An adder zombie (Ossuary)
  An adder skeleton (D:4)
  2 worms
  19 orcs
  A bat (D:1)
  6 endoplasms
  3 giant cockroaches
  7 goblins
  6 hobgoblins
  5 jackals
  9 kobolds
  3 quokkas
  4 ball pythons
  A frilled lizard (D:1)
  2 goblin zombies (Ossuary)
  10 hobgoblin zombies
  15 kobold zombies
  6 orc zombies
  5 rats
  A rat zombie (Ossuary)
224 creatures vanquished.

Vanquished Creatures (collateral kills)
  A two-headed ogre (D:9)
  A yak (D:9)
  Menkaure (D:6)
  An ogre (D:6)
  2 centaurs
  A kobold brigand (D:8)
  An orc priest (D:6)
  2 iguanas
  A hound zombie (D:5)
  5 gnolls
  An orc (D:5)
  2 kobolds (D:8)
19 creatures vanquished.

Vanquished Creatures (others)
  A kobold (D:8)
  12 fungi
  15 plants
  8 withered plants (D:3)
36 creatures vanquished.

Grand Total: 279 creatures vanquished

Notes
Turn   | Place    | Note
-------+----------+-------------------------------------------
     0 | D:1      | rjrrt the Minotaur Monk began the quest for the Orb.
     0 | D:1      | Reached XP level 1. HP: 19/19 MP: 0/0
   347 | D:1      | Reached skill level 4 in Axes
   648 | D:1      | Reached XP level 2. HP: 25/26 MP: 1/1
  1490 | D:2      | Reached skill level 5 in Axes
  1490 | D:2      | Reached XP level 3. HP: 22/31 MP: 2/2
  2148 | D:3      | Found a faded altar of an unknown god.
  2441 | D:3      | Found a burning altar of Makhleb.
  2456 | D:3      | Became a worshipper of Makhleb the Destroyer
  2456 | D:3      | Reached * piety under Makhleb
  2456 | D:3      | Reached ** piety under Makhleb
  2614 | D:3      | Reached XP level 4. HP: 38/39 MP: 3/3
  2651 | D:3      | Reached skill level 6 in Axes
  2651 | D:3      | Reached skill level 1 in Invocations
  3212 | D:4      | Noticed an ogre
  3222 | D:4      | HP: 1/39 [ogre (6)]
  3223 | D:4      | Killed an ogre
  3224 | D:4      | Reached skill level 7 in Axes
  3224 | D:4      | Reached XP level 5. HP: 2/45 MP: 3/5
  3635 | D:4      | Found a runed translucent door.
  3636 | D:4      | Noticed Crazy Yiuf
  3643 | D:4      | Killed Crazy Yiuf
  3772 | D:4      | Found an ornate altar of the Wu Jian Council.
  3791 | D:4      | Reached XP level 6. HP: 51/51 MP: 6/6
  3948 | D:4      | Noticed Robin
  3956 | D:4      | Killed Robin
  4296 | D:4      | Reached *** piety under Makhleb
  4335 | D:4      | Reached skill level 8 in Axes
  4384 | D:5      | Entered Level 5 of the Dungeon
  4519 | D:5      | Reached XP level 7. HP: 44/57 MP: 8/8
  4644 | D:5      | Reached skill level 9 in Axes
  5430 | D:6      | Reached skill level 1 in Armour
  5505 | D:6      | Reached XP level 8. HP: 52/66 MP: 10/10
  5559 | D:6      | Reached skill level 10 in Axes
  5785 | D:6      | Noticed Prince Ribbit
  5800 | D:6      | Killed Prince Ribbit
  6025 | D:6      | Reached skill level 5 in Invocations
  6061 | D:6      | Reached skill level 5 in Fighting
  6082 | D:6      | Noticed Menkaure
  6363 | D:6      | Killed Menkaure
  6746 | D:7      | Noticed a hornet
  6757 | D:7      | Killed a hornet
  6758 | D:7      | Reached skill level 11 in Axes
  6758 | D:7      | Reached XP level 9. HP: 67/74 MP: 10/12
  6943 | D:7      | Found a staircase to the Ecumenical Temple.
  7041 | D:7      | Found a glowing golden altar of the Shining One.
  7143 | D:7      | Noticed a +0 dagger
  7144 | D:7      | Noticed a +0 short sword
  7145 | D:7      | Noticed a +0 dagger
  7145 | D:7      | Noticed a +0 short sword
  7146 | D:7      | Noticed a +0 falchion
  7146 | D:7      | Noticed a +0 falchion
  7147 | D:7      | Noticed a +0 spear
  7148 | D:7      | Noticed a +0 spear
  7286 | D:7      | Found a hide-covered altar of Uskayaw.
  7934 | D:8      | Reached **** piety under Makhleb
  8059 | D:8      | Found a shimmering altar of Xom.
  8059 | D:8      | Found a sparkling altar of Nemelex Xobeh.
  8061 | D:8      | Found a white marble altar of Elyvilon.
  8061 | D:8      | Found a broken altar of Ashenzari.
  8082 | D:8      | Found a sand-covered staircase.
  8092 | Ossuary  | Entered an ossuary
  8357 | Ossuary  | Reached skill level 1 in Evocations
  8359 | Ossuary  | Reached skill level 5 in Dodging
  8896 | D:9      | Noticed a two-headed ogre
  8905 | D:9      | Killed a two-headed ogre
  8906 | D:9      | Reached skill level 5 in Armour
  9042 | D:9      | Reached skill level 12 in Axes
  9098 | D:9      | Reached XP level 10. HP: 67/84 MP: 14/14
  9543 | D:9      | Reached ***** piety under Makhleb
  9545 | D:9      | Found a staircase to the Lair.
  9621 | D:9      | Noticed Maggie
  9636 | D:9      | Killed Maggie
 10071 | D:9      | Noticed a two-headed ogre
 10076 | D:9      | Killed a two-headed ogre
 10517 | Lair:1   | Entered Level 1 of the Lair of Beasts
 10641 | Lair:1   | Reached skill level 13 in Axes
 10641 | Lair:1   | Reached XP level 11. HP: 45/93 MP: 16/16
 11403 | Lair:2   | Noticed a boulder beetle
 11426 | Lair:2   | Slain by a boulder beetle

Illustrated notes

Levels and vault maps discovered:
D:1:      heliophobic_arrival_ceremonial_halls, layout_loops_corners,
          minmay_misc_feat_roman, minmay_misc_feat_diagonals
D:2:      layout_loops_cross
D:3:      layout_loops_corners, mainiacjoe_overflow_cross_hatched,
          shapermc_ecumenical_altar_flowoftime
D:4:      layout_loops_ring, lemuel_doored_altar, corexii_corridor_pit,
          uniq_robin, uniq_crazy_yiuf_cottage
D:5:      layout_cave_pools, kennysheep_opposing_triangles
D:6:      layout_basic, minmay_mini_ossuary, uniq_menkaure, uniq_prince_ribbit1
D:7:      layout_basic, nicolae_uskayaw_en_pointe, mainiacjoe_overflow_paths,
          minmay_temple_entry_wispy
D:8:      layout_basic, mainiacjoe_overflow_alcove_3,
          nicolae_ossuary_entry_monument
D:9:      layout_grid_maze, grunt_lair_entry_orc_guard_hut, uniq_maggie
Lair:1:   layout_regular_city
Lair:2:   layout_layer_cave, swamp_mist_pool, serial_bayou, serial_bayou_pond_a,
          serial_bayou_ford_a, serial_bayou_pond_b, serial_bayou_lagoon_b,
          serial_bayou_pond_d, serial_bayou_shore_a, minivault_24,
          beast_lair_carwin_7

Skill      XL: |  1  2  3  4  5  6  7  8  9 10 11 |
---------------+----------------------------------+-----
Axes           | 4 5 7 8 9 11 12 13 | 13.3
Invocations    | 2 3 4 5 6 8 |  8.5
Armour         | 1 3 5 6 |  6.8
Fighting       | 4 5 6 7 8 |  8.0
Dodging        | 4 5 6 |  6.8
Evocations     | 2 3 |  3.8
Stealth        | |  1.5

Action                   |  1- 3 |  4- 6 |  7- 9 | 10-12 || total
-------------------------+-------+-------+-------+-------++-------
Melee: Hand axe          |    95 |    14 |       |       ||   109
       Headbutt          |    13 |    10 |    54 |    40 ||   117
       War axe           |       |    88 |   277 |   211 ||   576
Throw: Dart              |     1 |       |    28 |     6 ||    35
Invok: Minor Destruction |       |     2 |       |     4 ||     6
       Lesser Servant of |       |     1 |     5 |     4 ||    10
Evoke: Wand              |       |       |       |     2 ||     2
  Use: Potion            |       |     1 |       |       ||     1
       Scroll            |       |    11 |    10 |     1 ||    22
 Stab: Sleeping          |     3 |       |     1 |       ||     4
       Distracted        |       |       |     2 |     2 ||     4
Armor: Leather armour    |     7 |       |       |       ||     7
       Scale mail        |    23 |    35 |       |       ||    58
       Skin              |       |     2 |       |       ||     2
       Ring mail         |       |    11 |   122 |    49 ||   182
Dodge: Dodged            |    37 |    44 |   152 |   112 ||   345
